 Dungeon Crawl Stone Soup version 0.31-a0-1074-g0b22e4e0f1 (webtiles) character file.

Game seed: 1772175769473074400

5517 BigPumpCobain the Grappler (level 10, -11/102 HPs)
             Began as a Troll Shapeshifter on Dec 5, 2023.
             Was a Follower of Trog.
             Mangled by a two-headed ogre
             ... wielding a +0 giant club
              (22 damage)
             ... on level 8 of the Dungeon.
             The game lasted 00:09:38 (5581 turns).

BigPumpCobain the Grappler (Troll Shapeshifter)     Turns: 5581, Time: 00:09:38

Health: -11/102    AC:  7    Str: 28    XL:     10   Next: 43%
Magic:  0/9        EV: 12    Int:  6    God:    Trog [*.....]
Gold:   285        SH:  0    Dex: 15    Spells: 9/9 levels left

rFire   . .          .
                       - Unarmed
rCold   . . .        (no shield)
rNeg    . . .        G - +0 steam dragon scales
rPois   .            (helmet currently unavailable)
rElec   .            (cloak currently unavailable)
rCorr   .            (gloves unavailable)
SInv    .            (boots unavailable)
Will    .....        z - amulet of guardian spirit
Stlth   +            f - +6 ring of dexterity
HPRegen 1.17/turn    (no ring)
MPRegen 0.11/turn

%: guardian spirit
@: lethally poisoned (-11 -> -27), beast-form, on berserk cooldown, slowed, very
slow
A: beast (slay +3), large, unfitting armour, claws 3, regeneration 1, shaggy fur
1, tough skin 1
a: Begin Untransformation, Renounce Religion, Berserk


You were on level 8 of the Dungeon.
You worshipped Trog.
Trog was aware of your devotion.
You were a hulking beast.
You visited 2 branches of the dungeon, and saw 9 of its levels.

You collected 285 gold pieces.

Inventory:

Hand Weapons
 t - a +1 dagger of flaming
 w - a +0 falchion of distortion
 D - a +4 spear of venom
Missiles
 y - a throwing net
Armour
 G - +0 steam dragon scales (worn)
Jewellery
 b - an amulet of faith
 f - a +6 ring of dexterity (left claw)
 z - an amulet of guardian spirit (around neck)
Talismans
 c - a beast talisman
 d - a flux talisman
 v - a talisman of death
 E - a serpent talisman
Wands
 l - a wand of flame (21)
Scrolls
 h - 2 scrolls of fog {unknown}
 i - 7 scrolls of identify {unknown}
 m - 4 scrolls of teleportation {unknown}
 n - 4 scrolls of amnesia {unknown}
 q - 2 scrolls of fear {unknown}
 r - a scroll of poison {unknown}
 s - a scroll of noise {unknown}
 u - a scroll of vulnerability {unknown}
 x - 3 scrolls of revelation {unknown}
 A - 2 scrolls of summoning {unknown}
 B - a scroll of enchant weapon {unknown}
 F - a scroll of torment {unknown}
Potions
 e - a potion of ambrosia {unknown}
 g - a potion of enlightenment {unknown}
 j - 2 potions of resistance {unknown}
 k - a potion of mutation {unknown}
 o - 2 potions of heal wounds {unknown}
 p - 4 potions of curing
 C - a potion of magic {unknown}


   Skills:
 + Level 7.5 Fighting
 + Level 5.7 Dodging
 + Level 9.5 Unarmed Combat
 + Level 6.7 Shapeshifting


You had 9 spell levels left.
You didn't know any spells.
Your spell library contained the following spells:

 Spells                   Type           Power      Damage    Failure   Level
 Foxfire                  Conj/Fire      0%         2x1d4     45%         1
 Sublimation of Blood     Necr           0%         N/A       58%         2
 Gell's Gravitas          Tloc           0%         N/A       83%         3
 Teleport Other           Tloc           0%         N/A       83%         3
 Summon Ice Beast         Ice/Summ       0%         N/A       99%         4
 Summon Mana Viper        Hex/Summ       0%         N/A       100%        5
 Dispersal                Tloc           0%         N/A       100%        6
 Plasma Beam              Fire/Air       0%         2x1d10    100%        6
 Starburst                Conj/Fire      0%         6d3       100%        6
 Monstrous Menagerie      Summ           0%         N/A       100%        7
 Summon Hydra             Summ           0%         N/A       100%        7


Dungeon Overview and Level Annotations

Branches:
Dungeon (8/15)             Temple (1/1) D:7
   Lair: D:8-11

Altars:
Ashenzari
Cheibriados
Elyvilon
Gozag
Hepliaklqana
Kikubaaqudgha
Makhleb
Nemelex Xobeh
Okawaru
Qazlal
Ru
Sif Muna
Trog
Uskayaw
Vehumet
Wu Jian
Xom
Yredelemnul
Zin
The Shining One


Innate Abilities, Weirdness & Mutations

You are a hulking beast.
Your limbs bulge with bestial killing power. (Slay +3)
You are too large for most types of armour.
You have claws for hands.
Your natural rate of healing is unusually fast.
You are covered in fur. (AC +1)
You have tough skin. (AC +1)


Message History

You are too injured to fight recklessly!
You are too injured to fight recklessly!
You are too injured to fight recklessly!
You are too injured to fight recklessly!
You are too injured to fight recklessly!
You are too injured to fight recklessly!
You are too injured to fight recklessly!
You are too injured to fight recklessly!
You are too injured to fight recklessly!
You are too injured to fight recklessly!
You are too injured to fight recklessly!
You are too injured to fight recklessly!
You mangle the acid dragon!!
The acid dragon is almost dead.
The water moccasin barely misses you. The acid dragon bites you.
* * * LOW HITPOINT WARNING * * *
The acid dragon claws you but does no damage.
The orc hits you with a +0 hand axe.
* * * LOW HITPOINT WARNING * * *
You mangle the acid dragon!!
You kill the acid dragon!
Trog accepts your kill.
The acid dragon scales are intact enough to wear.
You are no longer berserk.
You are exhausted.
You feel yourself slow down. The water moccasin bites you.
* * * LOW HITPOINT WARNING * * *
You are poisoned.
The water moccasin poisons you!
You claw the two-headed ogre!
The two-headed ogre is almost dead.
You feel very sick. The water moccasin bites you.
* * * LOW HITPOINT WARNING * * *
You are more poisoned.
The water moccasin poisons you! The orc closely misses you.
The two-headed ogre hits you with a +0 giant club!
* * * LOW HITPOINT WARNING * * *
The two-headed ogre hits you with a +0 giant club!!
You die...

#..#) ... ....#...#
.# #....... #.#
#.#...# #.# ##..#!#
.. #.# #.o5.#...#
##.##### #S[Oh.....
#......###.h#...#
######..#........o#
........#.#.###....#
######....#.#
##....... #.....#.#
#.#...#. ##...##.#
#..#(#.. #..###.#
....#...# #..# #.#
......... #... ..#
.#.....


You could see a two-headed ogre, a water moccasin, a howler monkey, a white imp
and 2 orcs.

Vanquished Creatures
  Pikel (D:5)
  An ugly thing (D:8)
  The ghost of DrainTrain the Chiller, a novice HuIE (D:5)
  A shadow (D:6)
  2 yaks
  A wyvern (D:8)
  2 steam dragons
  An acid dragon (D:8)
  4 water moccasins
  2 ice beasts
  An orc warrior (D:8)
  A black bear (D:6)
  4 ogres
  2 sky beasts
  A centaur (D:8)
  A phantom (D:4)
  2 lemures (D:5)
  A kobold brigand (D:8)
  2 bullfrogs
  A gnoll sergeant (D:7)
  4 scorpions
  A water moccasin zombie (D:4)
  6 wights
  A water moccasin skeleton (D:4)
  5 howler monkeys
  A centaur zombie (D:4)
  A bullfrog zombie (D:4)
  A gnoll bouda (D:5)
  A hound (D:7)
  5 jellies
  3 orc priests
  2 iguanas
  Natasha (thrice) (D:3)
  3 orc wizards
  A sleepcap (D:4)
  A scorpion zombie (D:4)
  A hound skeleton (D:4)
  A howler monkey zombie (D:4)
  7 adders
  7 gnolls
  2 white imps (D:6)
  5 ufetubi
  2 adder zombies (D:4)
  2 adder skeletons (D:4)
  5 worms
  2 dart slugs
  21 orcs
  2 bats (D:3)
  8 endoplasms
  5 giant cockroaches
  6 goblins
  9 hobgoblins
  2 quokkas
  5 ball pythons
  3 frilled lizards
  6 kobolds
  2 quokka skeletons (D:4)
  A quokka zombie (D:4)
  6 rats
181 creatures vanquished.

Notes
Turn   | Place    | Note
-------+----------+-------------------------------------------
     0 | D:1      | BigPumpCobain the Troll Shapeshifter began the quest for
                  | the Orb.
     0 | D:1      | Reached XP level 1. HP: 18/18 MP: 0/0
   113 | D:1      | Reached skill level 1 in Fighting
   159 | D:1      | Reached XP level 2. HP: 25/27 MP: 1/1
   364 | D:1      | Found a faded altar of an unknown god.
   862 | D:2      | You fall into a shaft and drop 1 floor!
   915 | D:3      | Found a glowing silver altar of Zin.
   944 | D:3      | Reached XP level 3. HP: 35/35 MP: 2/2
   951 | D:3      | Reached skill level 4 in Unarmed Combat
   968 | D:3      | Reached XP level 4. HP: 42/42 MP: 3/3
   970 | D:3      | Found a sacrificial altar of Ru.
  1072 | D:3      | Noticed Natasha
  1076 | D:3      | Killed Natasha
  1080 | D:3      | Noticed Natasha
  1080 | D:3      | Noticed a scorpion
  1087 | D:3      | Killed Natasha
  1095 | D:2      | Killed a scorpion
  1096 | D:2      | Reached XP level 5. HP: 53/53 MP: 4/4
  1198 | D:3      | Noticed Natasha
  1202 | D:3      | Killed Natasha
  1203 | D:3      | Reached skill level 5 in Unarmed Combat
  1727 | D:4      | Noticed a phantom
  1741 | D:4      | Killed a phantom
  1742 | D:4      | Reached XP level 6. HP: 57/62 MP: 5/5
  1797 | D:4      | Found a broken altar of Ashenzari.
  1806 | D:4      | Found an iron altar of Okawaru.
  1844 | D:4      | Reached skill level 6 in Unarmed Combat
  1879 | D:4      | Reached XP level 7. HP: 71/71 MP: 6/6
  2346 | D:4      | Reached skill level 5 in Fighting
  2410 | D:5      | Entered Level 5 of the Dungeon
  2421 | D:5      | Got Qoynak's Compilation of the Amalgamated Crypt
  2449 | D:5      | Reached skill level 7 in Unarmed Combat
  2449 | D:5      | Reached XP level 8. HP: 25/80 MP: 7/7
  2561 | D:5      | Found a runed translucent door.
  2919 | D:5      | Noticed Pikel
  2930 | D:5      | Killed Pikel
  3141 | D:5      | Noticed DrainTrain's ghost (novice HuIE)
  3164 | D:5      | Killed DrainTrain's ghost
  3165 | D:5      | Reached skill level 8 in Unarmed Combat
  3165 | D:5      | Reached XP level 9. HP: 55/86 MP: 8/8
  3332 | D:6      | Found a radiant altar of Vehumet.
  3549 | D:6      | Reached skill level 5 in Shapeshifting
  3672 | D:6      | Found an ancient bone altar of Kikubaaqudgha.
  4208 | D:7      | Found a hazy altar of Hepliaklqana.
  4209 | D:7      | Found a shimmering altar of Xom.
  4209 | D:7      | Noticed a white ugly thing
  4210 | D:7      | Noticed a spectral ugly thing
  4210 | D:7      | Noticed a green ugly thing
  4322 | D:7      | Found a staircase to the Ecumenical Temple.
  4367 | Temple   | Entered the Ecumenical Temple
  4371 | Temple   | Reached skill level 5 in Dodging
  4396 | Temple   | Became a worshipper of Trog the Wrathful
  4438 | D:7      | Found a basalt altar of Yredelemnul.
  4521 | D:7      | Reached skill level 9 in Unarmed Combat
  4876 | D:7      | Found an ornate altar of the Wu Jian Council.
  4955 | D:7      | Reached XP level 10. HP: 102/102 MP: 9/9
  5266 | D:7      | Found a glowing golden altar of the Shining One.
  5366 | D:7      | Found a sparkling altar of Nemelex Xobeh.
  5546 | D:8      | Noticed a two-headed ogre
  5550 | D:8      | Noticed a brown ugly thing
  5553 | D:8      | Reached * piety under Trog
  5571 | D:8      | Killed a brown ugly thing
  5581 | D:8      | Mangled by a two-headed ogre

Illustrated notes

Levels and vault maps discovered:
D:1:      dpeg_arrival_central, layout_rooms, shapermc_ecumenical_altar_gd,
          chequers_jeans
D:2:      layout_basic
D:3:      layout_rooms, mainiacjoe_overflow_chevrons,
          nicolae_ru_sacrificial_ziggurat, nicolae_wormholes, uniq_natasha
D:4:      layout_basic, ashenzari_altar_1, okawaru_trees_2, serial_undead,
          serial_undead_c, serial_undead_c, serial_undead_d, serial_undead_e
D:5:      layout_gridville, ebering_ghost_reflecting_pool, uniq_pikel
D:6:      layout_loops_ring, mainiacjoe_overflow_six_doors_small,
          fiery_altar_vehumet, minmay_divided_ellipse
D:7:      layout_basic, overflow_temple_1_default, nemelex_diamond_rough_becter,
          nzn_wu_jian_council_hall, mainiacjoe_overflow_concentric_impassable,
          regret_index_temple_of_mockery, minmay_temple_entry_hall
D:8:      cheibrodos_fzero, layout_loops_corners, enter_bailey_8,
          gammafunk_ghost_ooze, minmay_misc_feat_square
Temple:   hellmonk_temple_flake

Skill      XL: |  1  2  3  4  5  6  7  8  9 |
---------------+----------------------------+-----
Fighting       | 1 2 3 4 5 6 7 |  7.5
Unarmed Combat | 4 5 6 7 8 9 |  9.5
Dodging        | 2 3 5 |  5.7
Shapeshifting  | 4 6 |  6.7

Action                     |  1- 3 |  4- 6 |  7- 9 | 10-12 || total
---------------------------+-------+-------+-------+-------++-------
  Melee: Unarmed           |    63 |    97 |   236 |    50 ||   446
         Punch             |     1 |     3 |     7 |     3 ||    14
 Invoke: Berserk           |       |       |       |     1 ||     1
    Use: Potion            |       |       |     2 |       ||     2
   Stab: Sleeping          |     1 |     1 |     2 |       ||     4
 Armour: Animal skin       |    23 |    61 |   177 |     8 ||   269
         Skin              |       |       |    24 |       ||    24
         Steam dragon scal |       |       |       |    31 ||    31
  Dodge: Dodged            |    22 |    57 |   119 |    27 ||   225

Table legend: (Time is in decaauts)
 A = Elapsed time spent in this place.
 B = Non-inter-level travel time spent in this place.
 C = Inter-level travel time spent in this place.
 D = Time resting spent in this place.
 E = Time spent auto-exploring this place.
 F = Levels seen in this place.
 G = Mean time per level.
                   A        B        C        D        E       F      G
               +--------+--------+--------+--------+--------+-----+--------+
         Total |   5531 |   5322 |    209 |    233 |   4123 |   9 |  614.6 |
       Dungeon |   5491 |   5303 |    188 |    219 |   4123 |   8 |  686.4 |
        Temple |     40 |     19 |     21 |     14 |      0 |   1 |   40.0 |
               +--------+--------+--------+--------+--------+-----+--------+

Top non-repeatable levels by time:
     D:7: 1259 daAuts
     D:6: 898 daAuts
     D:5: 805 daAuts
     D:4: 703 daAuts
     D:1: 652 daAuts
     D:3: 604 daAuts
     D:2: 447 daAuts
     D:8: 120 daAuts
  Temple: 40 daAuts
